 Dungeon Sprint DCSS version 0.23.2-33-g5129a83184 (webtiles) character file.

Game seed: 3735691014869172234

426 t4s4d4r the Carver (level 7, -7/57 HPs)
             Began as a Formicid Fighter on July 26, 2019.
             Was an Initiate of Okawaru.
             Mangled by Sonja
             ... wielding a +2 dagger of distortion
              (16 damage)
             ... in the Dungeon (Sprint I: "Red Sonja").
             The game lasted 00:02:33 (763 turns).

t4s4d4r the Carver (Formicid Fighter)                Turns: 763, Time: 00:02:34

Health: -7/57      AC:  7    Str: 28    XL:     7   Next: 18%
Magic:  7/7        EV: 10    Int:  7    God:    Okawaru [......]
Gold:   297        SH: 11    Dex: 10    Spells: 6/6 levels left

rFire    . . .     SeeInvis +   a - +0 long sword
rCold    . . .     Gourm    .   c - +0 shield
rNeg     . . .     Faith    .   b - +0 scale mail
rPois    .         Spirit   .   (helmet unavailable)
rElec    .         Reflect  .   (no cloak)
rCorr    .         Harm     .   (no gloves)
MR       .....                  (no boots)
Stlth    +.........             (no amulet)
HPRegen  0.19/turn              (no ring)
MPRegen  0.10/turn              (no ring)

@: mighty
A: permanent stasis, dig shafts and tunnels, four strong arms, antennae 3
a: Dig, Renounce Religion


You were in the Dungeon.
You worshipped Okawaru.
Okawaru was noncommittal.
You were not hungry.

You visited 1 branch You collected 297 gold pieces.

Inventory:

Hand Weapons
 a - a +0 long sword (weapon)
Armour
 b - a +0 scale mail (worn)
 c - a +0 shield (worn)
Scrolls
 k - a scroll of blinking
 l - a scroll of random uselessness {unknown}
Potions
 e - a potion of curing
 i - 2 potions of magic
Comestibles
 f - a ration
 g - 6 chunks of flesh


   Skills:
 + Level 5.7 Fighting
 * Level 11.4 Long Blades
 + Level 5.5 Armour
 + Level 2.3 Dodging
 * Level 3.2 Stealth
 + Level 6.8 Shields


You had 6 spell levels left.
You didn't know any spells.
Your spell library was empty.

Dungeon Overview and Level Annotations

Branches:
Dungeon (1/1)

Altars:
Cheibriados
Dithmenos
Elyvilon
Fedhas
Gozag
Hepliaklqana
Kikubaaqudgha
Nemelex Xobeh
Okawaru
Qazlal
Ru
Sif Muna
Trog
Uskayaw
Vehumet
Wu Jian
Yredelemnul
Zin
The Shining One

Shops:
D %

Annotations:
D Sonja


Innate Abilities, Weirdness & Mutations

You cannot be hasted, slowed, berserked, paralysed or teleported.
You can dig through walls and to a lower floor.
Your four strong arms can wield two-handed weapons with a shield.
You have a pair of large antennae on your head. (SInv)


Message History

Space warps horribly around you!
Sonja hits you with a +2 dagger of distortion.
Space bends around you.
Unknown command.
You barely miss Sonja.
You block Sonja's attack. x2; Sonja barely misses you.
Sonja hits you with a +2 dagger of distortion.
* * * LOW HITPOINT WARNING * * *
You feel a strange sense of stasis. Sonja hits you but does no damage.
You feel a strange sense of stasis. Sonja barely misses you.
Unknown command.
You closely miss Sonja. Sonja hits you but does no damage.
Space bends around you.
* * * LOW HITPOINT WARNING * * *
Sonja hits you but does no damage. You block Sonja's attack.
Unknown command.
Unknown command.
You hit Sonja.
Sonja is lightly wounded.
Sonja hits you but does no damage. Space warps horribly around you!
You die...

################
#<.#..'..#..'..#
#..').#..@K.#..+
{
#.)#####'#####(#
#..####..#...#.#
#..#__####..##[#
{
#..#_____##'#_.+
#⌠⌠#_.∩.!.'..._#
{
####_..__##_(#+#
#_____###'#
####### #K#


You could see Sonja.

Vanquished Creatures
  Sigmund (D)
  A yak (D)
  An ogre (D)
  A jelly (D)
  Ijyb (D)
5 creatures vanquished.

Vanquished Creatures (others)
  A gargoyle (D)
1 creature vanquished.

Grand Total: 6 creatures vanquished

Notes
Turn   | Place    | Note
-------+----------+-------------------------------------------
     0 | D        | t4s4d4r the Formicid Fighter began the quest for the Orb.
     0 | D        | Reached XP level 1. HP: 18/18 MP: 1/1
     1 | D        | Noticed Ijyb
    41 | D        | Killed Ijyb
    41 | D        | Reached skill level 5 in Long Blades
    41 | D        | Reached skill level 1 in Dodging
    41 | D        | Reached XP level 2. HP: 18/24 MP: 2/2
    41 | D        | Reached XP level 3. HP: 21/29 MP: 3/3
   121 | D        | Noticed an ogre
   131 | D        | HP: 1/29 [ogre/+0 giant club (11)]
   134 | D        | Killed an ogre
   134 | D        | Reached skill level 9 in Long Blades
   134 | D        | Reached XP level 4. HP: 13/35 MP: 4/4
   134 | D        | Reached XP level 5. HP: 16/41 MP: 5/5
   316 | D        | Killed a gargoyle
   338 | D        | Noticed Sigmund
   346 | D        | Killed Sigmund
   346 | D        | Reached skill level 10 in Long Blades
   346 | D        | Reached skill level 5 in Shields
   346 | D        | Reached XP level 6. HP: 43/50 MP: 6/6
   398 | D        | Found an ornate altar of the Wu Jian Council.
   398 | D        | Found a deep blue altar of Sif Muna.
   400 | D        | Found a radiant altar of Vehumet.
   409 | D        | Reached skill level 5 in Fighting
   409 | D        | Reached skill level 5 in Armour
   668 | D        | Found Lyngac's Food Emporium.
   668 | D        | Found an ancient bone altar of Kikubaaqudgha.
   668 | D        | Found a hazy altar of Hepliaklqana.
   668 | D        | Found a stormy altar of Qazlal.
   668 | D        | Found a hide-covered altar of Uskayaw.
   668 | D        | Found a blossoming altar of Fedhas.
   668 | D        | Found a bloodstained altar of Trog.
   668 | D        | Found an iron altar of Okawaru.
   668 | D        | Found a basalt altar of Yredelemnul.
   668 | D        | Found a glowing golden altar of the Shining One.
   668 | D        | Found a snail-covered altar of Cheibriados.
   668 | D        | Found a sacrificial altar of Ru.
   668 | D        | Found a glowing silver altar of Zin.
   668 | D        | Found a shadowy altar of Dithmenos.
   668 | D        | Found a white marble altar of Elyvilon.
   668 | D        | Noticed a yak
   674 | D        | Killed a yak
   674 | D        | Reached skill level 11 in Long Blades
   674 | D        | Reached XP level 7. HP: 47/57 MP: 7/7
   675 | D        | Found an opulent altar of Gozag.
   678 | D        | Found a sparkling altar of Nemelex Xobeh.
   729 | D        | Became a worshipper of Warmaster Okawaru
   742 | D        | Noticed Sonja
   763 | D        | Mangled by Sonja

Skill      XL: |  1  2  3  4  5  6 |
---------------+-------------------+-----
Long Blades    | 5 9 10 11 | 11.4
Dodging        | 1 2 |  2.3
Fighting       | 4 5 |  5.7
Armour         | 4 5 |  5.5
Shields        | 5 6 |  6.8
Stealth        | 3 |  3.2

Action                   |  1- 3 |  4- 6 |  7- 9 || total
-------------------------+-------+-------+-------++-------
Melee: Long sword        |    46 |    20 |     5 ||    71
  Use: Potion            |     1 |       |     1 ||     2
Armor: Scale mail        |    18 |       |     5 ||    23
Dodge: Dodged            |    11 |     5 |     4 ||    20
Block: Shield            |    17 |     5 |     8 ||    30
       Rpst.: Long sword |     4 |       |       ||     4
